 Dungeon Crawl Stone Soup version 0.28.0 (webtiles) character file.

Game seed: 2317334791957975208

12378 inmateoo the Destroyer (level 11, -6/57 HPs)
             Began as a Tengu Conjurer on Feb 8, 2022.
             Was a Priest of Hepliaklqana.
             Killed from afar by a tengu reaver (45 damage)
             ... with a bolt of fire
             ... on level 11 of the Dungeon.
             The game lasted 00:25:12 (14083 turns).

inmateoo the Destroyer (Tengu Conjurer)            Turns: 14083, Time: 00:25:13

Health: -6/57      AC: 12    Str:  8    XL:     11   Next: 92%
Magic:  14/24      EV: 17    Int: 28    God:    Hepliaklqana [***...]
Gold:   691        SH:  0    Dex: 12    Spells: 11/27 levels left

rFire   . . .      SeeInvis .   d - +2 dagger (venom)
rCold   . . .      Faith    .   (no shield)
rNeg    . . .      Spirit   .   v - +0 steam dragon scales
rPois   +          Reflect  .   (helmet restricted)
rElec   .          Harm     .   z - +2 cloak {Stlth+}
rCorr   +          Rampage  .   (no gloves)
Will    .....                   (boots unavailable)
Stlth   +++++.....              (no amulet)
HPRegen 0.19/turn               I - ring "Masapam" {rPois rCorr Int+5}
MPRegen 0.19/turn               p - +4 ring of protection

@: flying quickly and evasively, quick
A: reduced essence, beak, talons 3, nimble flight
a: Renounce Religion, Recall Ancestor, Ancestor Identity, Transference


You were on level 11 of the Dungeon.
You worshipped Hepliaklqana.
Hepliaklqana was most pleased with you.
You visited 2 branches of the dungeon, and saw 12 of its levels.
You also visited: Sewer and Bailey.

You collected 691 gold pieces.

Inventory:

Hand Weapons
 d - a +2 dagger of venom (weapon)
 q - a +1 whip of electrocution
Missiles
 c - 7 curare-tipped darts
 y - a throwing net
Armour
 s - the +1 robe of Rathraed {rC+ Will+ rCorr Int-2}
   (You found it on level 6 of the Dungeon)

   Int:       It affects your intelligence (-2).
   rC:        It protects you from cold.
   rCorr:     It protects you from acid and corrosion.
   Will:      It increases your willpower.
 v - +0 steam dragon scales (worn)
 z - a +2 cloak of stealth (worn)
Magical Staves
 K - a staff of poison
 L - a staff of air
Jewellery
 p - a +4 ring of protection (right hand)
 t - a ring of wizardry
 x - a +6 ring of dexterity
 I - the ring "Masapam" (left hand) {rPois rCorr Int+5}
   (You acquired it on level 10 of the Dungeon)

   [ring of resist corrosion]

   Int:       It affects your intelligence (+5).
   rPois:     It protects you from poison.
   rCorr:     It protects you from acid and corrosion.
Wands
 j - a wand of flame (14)
 l - a wand of paralysis (9)
 m - a wand of mindburst (30)
 A - a wand of iceblast (6)
Scrolls
 a - a scroll of amnesia
 b - 8 scrolls of teleportation
 n - a scroll of enchant armour
 r - 2 scrolls of fog
 B - 5 scrolls of identify
 C - a scroll of blinking
 E - a scroll of fear
 F - a scroll of summoning
Potions
 e - 2 potions of lignification
 f - 2 potions of mutation
 g - a potion of ambrosia
 h - 6 potions of brilliance
 i - 5 potions of curing
 k - 2 potions of berserk rage
 o - 6 potions of heal wounds
 u - a potion of resistance
 w - 2 potions of might
 D - a potion of magic
 G - 3 potions of haste
 H - 2 potions of cancellation
 M - a potion of attraction {unknown}
Miscellaneous
 J - a lightning rod (4/4)


   Skills:
 + Level 5.9 Fighting
 - Level 2.0 Armour
 + Level 7.8 Dodging
 + Level 7.9 Stealth
 + Level 8.5 Spellcasting
 + Level 12.6 Conjurations
 - Level 2.0 Hexes
 - Level 3.0 Translocations
 + Level 1.1 Ice Magic
 + Level 1.6 Air Magic
 + Level 2.7 Invocations
 + Level 3.8 Evocations


You had 11 spell levels left.
You knew the following spells:

 Your Spells              Type           Power      Damage    Failure   Level
a - Magic Dart            Conj           100%       1d8       1%          1
b - Searing Ray           Conj           100%       2d8       1%          2
c - Fulminant Prism       Conj/Hex       26%        3d14      2%          4
d - Iskenderun's Mystic   Conj/Tloc      54%        2d12      1%          4
e - Freezing Cloud        Conj/Ice/Air   20%        6-21      16%         5

Your spell library contained the following spells:

 Spells                   Type           Power      Damage    Failure   Level
 Static Discharge         Conj/Air       51%        N/A       1%          2
 Dazzling Flash           Conj/Hex       100%       N/A       1%          3
 Sticky Flame             Conj/Fire      47%        2d6       3%          4
 Sting                    Tmut/Pois      44%        1d5       4%          1
 Poisonous Vapours        Pois/Air       32%        N/A       4%          2
 Gell's Gravitas          Tloc           28%        N/A       4%          3
 Lesser Beckoning         Tloc           28%        N/A       4%          3
 Teleport Other           Tloc           28%        N/A       4%          3
 Sublimation of Blood     Necr           11%        N/A       7%          2
 Wereblood                Tmut           11%        N/A       7%          2
 Dispel Undead            Necr           11%        3d9       43%         4
 Olgreb's Toxic Radiance  Pois           11%        N/A       43%         4
 Dispersal                Tloc           14%        N/A       91%         6
 Simulacrum               Ice/Necr       7%         N/A       99%         6
 Summon Hydra             Summ           5%         N/A       100%        7
 Polar Vortex             Ice            9%         N/A       100%        9


Dungeon Overview and Level Annotations

Branches:
Dungeon (11/15)            Temple (1/1) D:5            Lair (0/6) D:10
    Orc (0/2) D:9           Sewer (visited)          Bailey (visited)

Altars:
Ashenzari
Cheibriados
Dithmenos
Elyvilon
Fedhas
Gozag
Hepliaklqana
Kikubaaqudgha
Makhleb
Nemelex Xobeh
Okawaru
Qazlal
Ru
Sif Muna
Trog
Uskayaw
Vehumet
Wu Jian
Xom
Yredelemnul
Zin
The Shining One

Shops:
D:5 *   D:6 [

Annotations:
D:5 3 runed translucent doors, Nattefrost's ghost, novice GnSu
D:10 exclusion: door


Innate Abilities, Weirdness & Mutations

Your life essence is reduced to manifest your ancestor. (-10% HP)
You have a beak for a mouth.
You have claws for feet.
Your magical nature lets you fly swiftly and evasively.


Message History

You kill the orc!
The blast of energy engulfs the orc priest!!
You kill the orc priest!
The blast of energy engulfs the orc priest!!
You kill the orc priest!
You hear a shout!
You hear an angry buzzing noise.
You hear a shout! x2
You hear a roar!
You hear a shout!
Your Ice Magic skill increases to level 1!
Casting: Fulminant Prism (dangerous; 2% risk of failure)
Confirm with . or Enter, or press ? or * to list all spells.
Aiming: Fulminant Prism (dangerous; 2% risk of failure)
Press: ? - help, Dir - move target You conjure a prism of explosive energy!
A fulminant prism comes into view.
Ur-Dumizida closely misses the orc warrior.
Your fulminant prism crackles loudly.
Ur-Dumizida misses the tengu reaver.
Your fulminant prism explodes!
Ur-Dumizida avoids your attack.
The blast of energy engulfs the tengu reaver!!
The tengu reaver is moderately wounded.
The blast of energy engulfs the orc warrior!!
You kill the orc warrior!
Ur-Dumizida hits the tengu reaver with a +0 flail!
You hear an angry buzzing noise.
You hear a roar!
You hear a shout! x2
Casting: Fulminant Prism (dangerous; 2% risk of failure)
Confirm with . or Enter, or press ? or * to list all spells.
Aiming: Searing Ray (safe; 1% risk of failure)
Press: ? - help, Shift-Dir - straight line, f - tengu reaver
Aim: a tengu reaver, wielding a +0 great sword and wearing a +0 scale mail (heavily wounded, ally target, 70% to hit)
The searing ray hits the tengu reaver.
The tengu reaver is heavily wounded. (Press . to maintain the ray.)
The searing ray hits the tengu reaver!
The tengu reaver is severely wounded.
Ur-Dumizida avoids your attack.
The tengu reaver gestures at you while chanting.
The bolt of fire hits you!!!
Ouch! That really hurt!
You die...

.)# ..#
########.#####.
...............
...##..R.....##
#.......## ##.Q.##.#
##...## # #.#@#.#
#..#..# #.#.#.#
##...## ##...#
##...## #.#.#.#
#####..#..### #####
###...#.#...###...##


You could see the friendly Ur-Dumizida the knight and a tengu reaver (ally
target).

Vanquished Creatures
  An orc warlord (Bailey)
  Harold (D:8)
  An ogre mage (D:10)
  An oklob plant (D:10)
  Maurice (D:9)
  Maggie (D:10)
  An unseen horror (D:11)
  A slime creature (D:8)
  Sigmund (D:3)
  A shadow (D:10)
  A wraith (D:11)
  2 wyverns
  3 yaks (D:10)
  2 steam dragons
  A water moccasin (D:5)
  An orc warrior (D:11)
  2 ice beasts
  3 wolves (D:10)
  4 centaurs
  2 ogres
  2 necrophages
  A phantom (D:6)
  4 kobold brigands
  4 scorpions
  A wyvern skeleton (D:7)
  7 killer bees
  7 wights
  2 electric eels (D:3)
  3 howler monkeys (D:9)
  A jelly (D:6)
  A centaur zombie (D:5)
  5 orc priests
  2 bullfrog skeletons
  3 hounds
  2 bullfrog zombies (D:5)
  4 iguanas
  Ijyb (D:4)
  10 orc wizards
  A killer bee zombie (D:6)
  A howler monkey zombie (D:8)
  13 adders
  A gnoll (Bailey)
  3 ufetubi
  5 worms
  2 dart slugs
  44 orcs
  7 ball pythons
  2 bats
  6 endoplasms
  4 giant cockroaches
  9 goblins
  9 hobgoblins
  3 jackals (D:3)
  A quokka (D:1)
  3 frilled lizards
  26 kobolds
  4 rats
235 creatures vanquished.

Vanquished Creatures (collateral kills)
  Erica (D:10)
  A two-headed ogre (D:10)
  A centaur zombie (D:10)
  An unseen horror (D:11)
  3 yaks (D:10)
  Grum (D:10)
  2 vampire mosquitoes (D:10)
  A swamp drake (D:9)
  7 orc warriors
  A bullfrog (D:8)
  A wight (D:8)
  2 orc wizards (D:9)
  7 orcs
  A hobgoblin (Bailey)
  4 kobolds (Bailey)
34 creatures vanquished.

Vanquished Creatures (others)
  A gnoll shaman (D:8)
  2 knights
  35 fulminant prisms
  2 fungi (D:3)
  17 plants
57 creatures vanquished.

Grand Total: 326 creatures vanquished

Notes
Turn   | Place    | Note
-------+----------+-------------------------------------------
     0 | D:1      | inmateoo the Tengu Conjurer began the quest for the Orb.
     0 | D:1      | Reached XP level 1. HP: 10/10 MP: 4/4
   211 | D:1      | Reached XP level 2. HP: 16/16 MP: 4/6
   414 | D:1      | Learned a level 2 spell: Searing Ray
   863 | D:2      | Found a snail-covered altar of Cheibriados.
   868 | D:2      | Reached XP level 3. HP: 19/20 MP: 3/7
   872 | D:2      | Reached skill level 1 in Fighting
  1217 | D:2      | Found a faded altar of an unknown god.
  1429 | D:2      | Reached XP level 4. HP: 25/25 MP: 3/8
  1806 | D:3      | Found a transporter.
  1836 | D:3      | Found a transporter.
  2335 | D:3      | Reached skill level 6 in Conjurations
  2502 | D:3      | Found a blossoming altar of Fedhas.
  2507 | D:3      | Found a stormy altar of Qazlal.
  2519 | D:3      | Gained mutation: Your magical nature lets you fly swiftly
                  | and evasively. [Tengu growth]
  2519 | D:3      | Reached XP level 5. HP: 19/30 MP: 4/10
  2664 | D:3      | Found an ornate altar of the Wu Jian Council.
  2841 | D:3      | Noticed Sigmund
  2959 | D:3      | Found a radiant altar of Vehumet.
  3140 | D:3      | Killed Sigmund
  3141 | D:3      | Reached XP level 6. HP: 31/36 MP: 2/11
  3408 | D:4      | Learned a level 4 spell: Fulminant Prism
  3447 | D:4      | Noticed a necrophage
  3451 | D:4      | Killed a necrophage
  3452 | D:4      | Reached XP level 7. HP: 34/40 MP: 6/13
  3564 | D:4      | Reached skill level 7 in Conjurations
  3790 | D:4      | Reached skill level 1 in Hexes
  3851 | D:4      | Noticed Ijyb
  3893 | D:4      | Killed Ijyb
  3953 | D:4      | Found a glowing drain.
  3979 | Sewer    | Entered a sewer
  4311 | Sewer    | Reached skill level 8 in Conjurations
  4311 | Sewer    | Reached XP level 8. HP: 29/46 MP: 5/15
  4800 | D:5      | Entered Level 5 of the Dungeon
  4809 | D:5      | Found a staircase to the Ecumenical Temple.
  4815 | Temple   | Entered the Ecumenical Temple
  4956 | D:5      | Found Mafon's Overcharged Wands.
  5027 | D:5      | HP: 2/46 [something (10)]
  5869 | D:5      | Reached skill level 5 in Spellcasting
  6137 | D:5      | Found a runed translucent gate.
  6137 | D:5      | Found a runed translucent gate.
  6137 | D:5      | Found a runed translucent gate.
  6137 | D:5      | Noticed Nattefrost's ghost (novice GnSu)
  6139 | D:5      | Found a basalt altar of Yredelemnul.
  6147 | D:5      | Reached skill level 1 in Armour
  6164 | D:5      | Reached skill level 1 in Evocations
  6236 | D:5      | Learned a level 4 spell: Iskenderun's Mystic Blast
  6694 | D:6      | Identified the +1 cloak "Zogutustrargh" {Stlth+}
  7335 | D:6      | Reached skill level 1 in Translocations
  7335 | D:6      | Reached XP level 9. HP: 51/51 MP: 10/18
  7528 | D:6      | Found Ikkei's Armour Boutique.
  7540 | D:6      | Reached skill level 5 in Stealth
  7724 | D:6      | Identified the +1 robe of Rathraed {rC+ Will+ rCorr Int-2}
  7819 | D:7      | Reached skill level 5 in Dodging
  7902 | D:7      | Found a hazy altar of Hepliaklqana.
  7915 | D:7      | Became a worshipper of Hepliaklqana the Forgotten
  8472 | D:7      | Reached skill level 9 in Conjurations
  9451 | D:8      | Reached XP level 10. HP: 58/58 MP: 8/20
  9709 | D:8      | Noticed Harold
 10381 | D:8      | Reached skill level 5 in Fighting
 10672 | D:8      | Reached * piety under Hepliaklqana
 10776 | D:8      | Killed Harold
 10777 | D:8      | Reached skill level 10 in Conjurations
 11092 | D:9      | Noticed Maurice
 11096 | D:9      | Found a glowing golden altar of the Shining One.
 11114 | D:9      | Killed Maurice
 11531 | D:9      | Reached ** piety under Hepliaklqana
 11532 | D:9      | Remembered your ancestor Ur-Dumizida as a knight
 11578 | D:9      | Found an iron altar of Okawaru.
 11741 | D:9      | Reached skill level 11 in Conjurations
 11901 | D:9      | Found a staircase to the Orcish Mines.
 12270 | D:10     | Entered Level 10 of the Dungeon
 12284 | D:10     | Noticed an ogre mage
 12296 | D:10     | Killed an ogre mage
 12384 | D:10     | Reached XP level 11. HP: 43/56 MP: 17/23
 12395 | D:10     | Reached skill level 12 in Conjurations
 12455 | D:10     | Reached skill level 1 in Invocations
 12558 | D:10     | Found a staircase to the Lair.
 12560 | D:10     | Noticed an oklob plant
 12614 | D:10     | Noticed Grum
 12623 | D:10     | Killed Grum
 12685 | D:10     | Noticed Erica
 12697 | D:10     | Killed Erica
 12712 | D:10     | Noticed a two-headed ogre
 12781 | D:10     | Found a flagged portal.
 12784 | D:10     | Killed a two-headed ogre
 12791 | Bailey   | Entered a bailey
 12796 | Bailey   | Noticed an orc warlord
 12900 | Bailey   | Found a runed translucent gate.
 12901 | Bailey   | Found a runed translucent gate.
 12902 | Bailey   | Found a runed translucent gate.
 13195 | Bailey   | Killed an orc warlord
 13263 | D:10     | Acquired the ring "Masapam" {rPois rCorr Int+5}
 13271 | D:10     | Learned a level 5 spell: Freezing Cloud
 13342 | D:10     | Noticed a boulder beetle
 13342 | D:10     | Noticed a cyclops
 13342 | D:10     | Noticed a cyclops
 13342 | D:10     | Noticed a cyclops
 13342 | D:10     | Noticed a centaur warrior
 13372 | D:10     | Noticed Maggie
 13383 | D:10     | Killed Maggie
 13633 | D:10     | Reached *** piety under Hepliaklqana
 13831 | D:10     | Killed an oklob plant
 13832 | D:10     | Reached skill level 1 in Air Magic
 14072 | D:11     | Noticed a tengu reaver
 14078 | D:11     | Reached skill level 1 in Ice Magic
 14083 | D:11     | Killed from afar by a tengu reaver

Illustrated notes

Levels and vault maps discovered:
D:1:      matt_arrival_diagonals, layout_basic
D:2:      layout_basic, ebering_ecumenical_altar_abandoned, basic_altar
D:3:      gammafunk_steamed_eel, layout_loops_ring,
          grunt_temple_overflow_forces_of_nature, nicolae_vehumet_altar_sigil,
          nicolae_wu_jian_wuxing_cycle, uniq_sigmund
D:4:      layout_gridville, cheibrodos_sewer_entry_bend, minmay_crystal_room,
          uniq_ijyb
D:5:      minmay_skewed_foursquare, layout_gridville,
          nicolae_yredelemnul_ghost_church, minmay_temple_entry_grid,
          nicolae_shop_overcharged_wands
D:6:      layout_basic, serial_shops, nicolae_shop_waterfront
D:7:      layout_basic, nicolae_hepliaklqana_hazy_memory
D:8:      minmay_angry_zag, layout_basic, uniq_harold
D:9:      layout_basic, mainiacjoe_overflow_concentric_impassable,
          overflow_temple_1_default, erik_orc_1, uniq_maurice
D:10:     minmay_shrinking_squares, layout_basic, dpeg_oklobed_lair,
          serial_glass, glass_columns_b, glass_columns_b, enter_bailey_3,
          minmay_librarian, uniq_maggie, uniq_erica, uniq_grum
D:11:     minmay_the_grid_net [minmay_the_grid_tree,
          minmay_the_grid_broken_lines, minmay_the_grid_eight,
          minmay_the_grid_minigrid_small, minmay_the_grid_spin_star,
          minmay_the_grid_prize_four_corners_diamond_a], layout_rooms,
          nicolae_twisting_strands
Temple:   eino_temple_lava

Skill      XL: |  1  2  3  4  5  6  7  8  9 10 11 |
---------------+----------------------------------+-----
Fighting       | 1 2 3 4 5 |  5.9
Dodging        | 3 4 5 7 |  7.8
Conjurations   | 6 8 9 11 12 | 12.6
Stealth        | 3 4 6 7 |  7.9
Spellcasting   | 3 4 5 6 7 8 |  8.5
Hexes          | 2 |  2.0
Armour         | 2 |  2.0
Evocations     | 2 3 |  3.8
Translocations | 1 2 3 |  3.0
Invocations    | 2 |  2.7
Air Magic      | 1 |  1.6
Ice Magic      | 1 |  1.1

Action                   |  1- 3 |  4- 6 |  7- 9 | 10-12 || total
-------------------------+-------+-------+-------+-------++-------
Melee: Dagger            |     9 |    13 |    43 |    75 ||   140
       Kick              |     5 |     2 |    14 |    26 ||    47
       Peck              |       |     2 |     9 |    17 ||    28
       Punch             |       |       |     1 |     1 ||     2
 Cast: Magic Dart        |    52 |    68 |   166 |    35 ||   321
       Searing Ray       |       |     5 |    46 |    33 ||    84
       Fulminant Prism   |       |       |     2 |    33 ||    35
       Iskenderun's Myst |       |       |     1 |     1 ||     2
Invok: Recall Ancestor   |       |       |       |     4 ||     4
       Ancestor Life: Kn |       |       |       |     1 ||     1
Evoke: Wand              |       |     2 |       |     5 ||     7
  Use: Scroll            |     2 |     5 |     8 |    12 ||    27
       Potion            |       |     1 |     1 |       ||     2
 Stab: Sleeping          |     1 |       |     2 |     3 ||     6
       Distracted        |       |       |     1 |     1 ||     2
       Paralysed         |       |       |       |     3 ||     3
Armor: Robe              |       |     1 |    21 |       ||    22
       Steam dragon scal |       |       |     2 |    34 ||    36
Dodge: Dodged            |     4 |    12 |   116 |    79 ||   211
